 Dungeon Crawl Stone Soup version 0.28-a0-793-g31680bbd8b (webtiles) character file.

Game seed: 17725305754896414471

639 ytrimaz the Skirmisher (level 7, 0/57 HPs)
             Began as a Demonspawn Fighter on Nov 3, 2021.
             Succumbed to an orc wizard's poison
             ... on level 4 of the Dungeon.
             The game lasted 00:05:51 (4641 turns).

ytrimaz the Skirmisher (Demonspawn Fighter)         Turns: 4641, Time: 00:05:51

Health: 0/57       AC: 10    Str: 19    XL:     7   Next: 25%
Magic:  7/7        EV:  8    Int:  9    God:
Gold:   197        SH:  4    Dex: 10    Spells: 6/6 levels left

rFire   . . .      SeeInvis .   a - +1 rapier
rCold   . . .      Faith    .   c - +0 buckler
rNeg    . . .      Spirit   .   g - +1 chain mail
rPois   +          Reflect  .   (helmet restricted)
rElec   .          Harm     .   (no cloak)
rCorr   .          Rampage  .   (no gloves)
Will    .....                   (no boots)
Stlth   ..........              (no amulet)
HPRegen 0.19/turn               (no ring)
MPRegen 0.10/turn               (no ring)

@: lethally poisoned (0 -> -1)
A: antennae 1, hooves 1, weakness stinger 1, clumsy 1, poison resistance
a: no special abilities


You were on level 4 of the Dungeon.
You visited 1 branch of the dungeon, and saw 5 of its levels.

You collected 197 gold pieces.

Inventory:

Hand Weapons
 a - a +1 rapier (weapon)
 j - a +3 short sword
Missiles
 e - 3 boomerangs (quivered)
 f - a throwing net
Armour
 c - a +0 buckler (worn)
 g - a +1 chain mail (worn)
Scrolls
 b - a scroll of enchant armour
Potions
 d - a potion of might


   Skills:
 + Level 5.7 Fighting
 - Level 1.8 Short Blades
 - Level 2.7 Armour
 * Level 4.4 Dodging
 - Level 4.0 Shields


You had 6 spell levels left.
You didn't know any spells.
Your spell library contained the following spells:

 Spells                   Type           Power      Damage    Failure   Level
 Sandblast                Erth           0%         2d4       99%         1
 Ensorcelled Hibernation  Hex/Ice        0%         N/A       100%        2
 Passwall                 Tmut/Erth      0%         N/A       100%        2
 Spider Form              Tmut/Pois      0%         N/A       100%        3
 Stone Arrow              Conj/Erth      0%         3d7       100%        3


Dungeon Overview and Level Annotations

Branches:
Dungeon (5/15)
 Temple: D:4-7

Altars:

Shops:
D:1 (   D:5 :


Innate Abilities, Weirdness & Mutations

You have a pair of small antennae on your head.
You have large cloven feet.
You have a small tail.
You are clumsy. (Dex -2)
Your system is resistant to poisons. (rPois)


Message History

* * * LOW HITPOINT WARNING * * *
You feel very sick.
Something hits the orc.
The orc is poisoned.
You bump into the rock wall.
* * * LOW HITPOINT WARNING * * *
You feel very sick.
You hear some strange, mumbled words.
You're too confused to move!
You feel less invigorated.
You feel less confused.
* * * LOW HITPOINT WARNING * * *
You feel very sick. Something hits you.
* * * LOW HITPOINT WARNING * * *
You hit something.
Reactivating autopickup.
You feel a bit more experienced.
* * * LOW HITPOINT WARNING * * *
You feel sick.
You closely miss the orc. You kick the orc.
You kill the orc!
* * * LOW HITPOINT WARNING * * *
You feel sick.
You hear some strange, mumbled words.
Deactivating autopickup; reactivate with Ctrl-A.
Something tries to affect you, but you resist.
You feel sick. Something hits you.
* * * LOW HITPOINT WARNING * * *
Items here: )) [ †.
You hit something. You tail-slap something.
* * * LOW HITPOINT WARNING * * *
You feel sick. You block something's attack.
You miss something.
* * * LOW HITPOINT WARNING * * *
You feel sick. Something hits you but does no damage.
Unknown command.
You hit something. You kick something.
* * * LOW HITPOINT WARNING * * *
You feel sick. Something hits you but does no damage.
You closely miss something.
You die...

......###
#......#
..{.....#
#......#
........#
#......#
........#
#....###
.......o#
#....# #
........#
#....# #
........####
#....# #
..........{#
#....# #
........##@#
#######....###
........##)#
#.............
........##.#
#.#####....###
##########.#
#.# ###### #.#
#.# #.#
#.######## #.#
#........# #.#
########.# #.#
#.#


There were no monsters in sight!

Vanquished Creatures
  A sky beast (D:2)
  A necrophage (D:4)
  A scorpion (D:4)
  A water moccasin skeleton (D:4)
  A howler monkey (D:4)
  A hound (D:4)
  A gnoll shaman (D:4)
  2 orc wizards
  A hound skeleton (D:3)
  8 gnolls (D:4)
  3 adders
  An adder skeleton (D:4)
  A worm (D:4)
  A dart slug (D:2)
  8 orcs
  6 ball pythons
  7 endoplasms
  5 giant cockroaches
  9 hobgoblins
  11 kobolds
  2 quokkas
  7 bats
  5 frilled lizards
  8 goblins
  11 rats
103 creatures vanquished.

Notes
Turn   | Place    | Note
-------+----------+-------------------------------------------
     0 | D:1      | ytrimaz the Demonspawn Fighter began the quest for the Orb.
     0 | D:1      | Reached XP level 1. HP: 18/18 MP: 1/1
    73 | D:1      | Found a faded altar of an unknown god.
    75 | D:1      | Found Echuiteh's Antique Weapon Shop.
   272 | D:1      | Discovered your monstrous ancestry.
   272 | D:1      | Gained mutation: You have a small tail. [demonic ancestry]
   272 | D:1      | Reached XP level 2. HP: 22/24 MP: 2/2
   817 | D:2      | Gained mutation: You have a pair of small antennae on your
                  | head. [demonic ancestry]
   817 | D:2      | Reached XP level 3. HP: 29/29 MP: 3/3
   977 | D:2      | Reached skill level 1 in Dodging
  1496 | D:2      | Reached XP level 4. HP: 32/35 MP: 4/4
  1768 | D:3      | Noticed a sky beast
  1804 | D:2      | Killed a sky beast
  1805 | D:2      | Reached skill level 4 in Fighting
  1805 | D:2      | Reached XP level 5. HP: 37/42 MP: 5/5
  3141 | D:4      | Reached XP level 6. HP: 38/49 MP: 6/6
  3472 | D:4      | Reached skill level 5 in Fighting
  3740 | D:5      | Entered Level 5 of the Dungeon
  4134 | D:5      | Found Wuamuq's Book Emporium.
  4239 | D:4      | Gained mutation: You have large cloven feet. [demonic
                  | ancestry]
  4239 | D:4      | Reached XP level 7. HP: 38/56 MP: 7/7
  4631 | D:4      | Gained mutation: Your system is resistant to poisons.
                  | (rPois) [potion of mutation]
  4631 | D:4      | Gained mutation: You are clumsy. (Dex -2) [potion of
                  | mutation]
  4639 | D:4      | HP: 2/57 [poisoned by an orc wizard]
  4641 | D:4      | Succumbed to an orc wizard's poison

Illustrated notes

Levels and vault maps discovered:
D:1:      matt_arrival_debris, layout_basic, serial_shops, shop,
          hellmonk_ecumenical_altar_arch_garden
D:2:      layout_loops_ring
D:3:      layout_basic, corexii_hall_statues_u, minmay_mini_jars
D:4:      layout_basic
D:5:      layout_rooms, mainiacjoe_overflow_two_lobes,
          mainiacjoe_overflow_brackets, serial_shops, nicolae_shop_behind_doors

Skill      XL: |  1  2  3  4  5  6 |
---------------+-------------------+-----
Shields        | 3 4 |  4.0
Dodging        | 1 2 3 4 |  4.4
Fighting       | 4 5 |  5.7
Short Blades   | |  1.8
Armour         | |  2.7

Action                   |  1- 3 |  4- 6 |  7- 9 || total
-------------------------+-------+-------+-------++-------
Melee: Rapier            |   158 |   174 |    22 ||   354
       Tailslap          |    16 |    21 |     3 ||    40
       Kick              |       |       |     7 ||     7
Throw: Boomerang         |     6 |    35 |    15 ||    56
  Use: Scroll            |     1 |     2 |       ||     3
       Potion            |       |     4 |     2 ||     6
Armor: Scale mail        |    93 |       |       ||    93
       Chain mail        |    11 |   106 |    10 ||   127
Dodge: Dodged            |   107 |    86 |     9 ||   202
Block: Buckler           |    26 |    41 |     3 ||    70

Table legend: (Time is in decaauts)
 A = Elapsed time spent in this place.
 B = Non-inter-level travel time spent in this place.
 C = Inter-level travel time spent in this place.
 D = Time resting spent in this place.
 E = Time spent auto-exploring this place.
 F = Levels seen in this place.
 G = Mean time per level.
                   A        B        C        D        E       F      G
               +--------+--------+--------+--------+--------+-----+--------+
         Total |   4709 |   4621 |     88 |    725 |   2858 |   5 |  941.8 |
       Dungeon |   4709 |   4621 |     88 |    725 |   2858 |   5 |  941.8 |
               +--------+--------+--------+--------+--------+-----+--------+

Top non-repeatable levels by time:
     D:4: 1421 daAuts
     D:3: 1152 daAuts
     D:2: 925 daAuts
     D:1: 810 daAuts
     D:5: 399 daAuts
